 Dungeon Sprint DCSS version 0.28-a0-8-g6e044cfa68 (webtiles) character file.

Game seed: 1035130187332763818

8110 mhtbhm the Peltast (level 11, -4/74 HPs)
             Began as a Gargoyle Fighter on July 24, 2021.
             Was the Champion of Qazlal.
             Slain by a vampire knight (23 damage)
             ... while paralysed by a vampire knight
             ... in the Dungeon (Sprint VII: "The Pits").
             The game lasted 00:03:38 (2300 turns).

mhtbhm the Peltast (Gargoyle Fighter)               Turns: 2300, Time: 00:03:39

Health: -4/74      AC: 15    Str: 29    XL:     11   Next: 25%
Magic:  16/16      EV:  5    Int:  9    God:    Qazlal [******]
Gold:   0          SH:  0    Dex:  9    Spells: 10/10 levels left

rFire   . . .      SeeInvis .   (weapon currently unavailable)
rCold   . . .      Faith    .   (shield currently unavailable)
rNeg    + + +      Spirit   .   (armour currently unavailable)
rPois   ∞          Reflect  .   (helmet currently unavailable)
rElec   .          Harm     .   (cloak currently unavailable)
rCorr   .          Rampage  .   (gloves currently unavailable)
Will    .....      NoTele   +   (boots currently unavailable)
Stlth   +.........              (no amulet)
HPRegen 0.22/turn               n - +3 ring of strength
MPRegen 0.15/turn               p - +3 ring of strength

@: paralysed, mighty, fungus-form, protected from physical damage, very slightly
contaminated, hasted, invisible, repel missiles
A: melee confuse, terrified, no casting, sickness immunity, AC +8, tiny,
negative energy resistance 1, (electricity resistance), torment resistance 1,
petrification resistance
a: Renounce Religion, Upheaval, Elemental Force, Disaster Area


You were in the Dungeon.
You worshipped Qazlal.
Qazlal was exalted by your worship.
You were a sentient fungus.
You visited 1 branch

Inventory:

Hand Weapons
 a - a +2 vorpal war axe (melded)
Missiles
 u - a curare-tipped dart (quivered)
 w - a throwing net
Armour
 b - a +2 plate armour (melded)
 c - a +0 kite shield (melded)
 r - a +0 pair of gloves (melded)
 s - a +0 pair of boots (melded)
 t - a +0 cloak (melded)
 v - a +1 hat (melded)
Jewellery
 n - a +3 ring of strength (left hypha)
 p - a +3 ring of strength (right hypha)
Scrolls
 j - a scroll of blinking
 l - 5 scrolls of amnesia
 m - a scroll of summoning
Potions
 d - 2 potions of might
 e - 7 potions of curing
 f - 8 potions of heal wounds
 g - a potion of haste
 h - 4 potions of magic
 i - 5 potions of berserk rage
 k - 2 potions of invisibility
 o - a potion of resistance
 q - 2 potions of mutation


   Skills:
 + Level 11.4 Fighting
 + Level 14.4 Axes
 + Level 10.6 Armour
 + Level 4.3 Dodging
 - Level 3.3 Stealth
 + Level 15.4 Shields
 * Level 7.3 Invocations


You had 10 spell levels left.
You didn't know any spells.
Your spell library was empty.

Dungeon Overview and Level Annotations

Branches:
Dungeon (1/1)

Altars:
Ashenzari
Cheibriados
Dithmenos
Elyvilon
Fedhas
Gozag
Hepliaklqana
Kikubaaqudgha
Makhleb
Nemelex Xobeh
Okawaru
Qazlal
Ru
Sif Muna
Trog
Uskayaw
Vehumet
Wu Jian
Xom
Yredelemnul
Zin
The Shining One
Beogh
Jiyva
Lugonu

Annotations:
D Erica, Psyche


Innate Abilities, Weirdness & Mutations

You are a sentient fungus.
You are tiny and evasive.
Your melee attack releases spores that confuse breathing creatures.
You become terrified and freeze when enemies are visible.
Your armour is entirely melded.
You are incapable of wielding weapons or throwing items.
You cannot cast spells.
You are immune to sickness and miasma.
((Your stone body is resilient. (AC +8)))
You are immune to poison.
You resist negative energy. (rN+)
((You are resistant to electric shocks. (rElec)))
You are resistant to unholy torment.
You are immune to petrification.


Message History

Something hits you but does no damage.
Unknown command.
Unknown command.
You feel much better. Something hits you but does no damage.
Space bends around you! Something hits you but does no damage.
Something bites you but does no damage.
You hit something but do no damage. You miss something. x2
You hear some strange, mumbled words.
A swirling arc of seething chaos appears!
An arc of chaos appears from out of thin air!
The arc of chaos hits you!
You fade into invisibility!
You are very lightly contaminated with residual magic.
Something hits you but does no damage.
You barely miss something. You closely miss something. You hit something.
You hear some strange, mumbled words.
You suddenly lose the ability to move!
Something hits you but does no damage.
You turn into a sentient fungus.
Your +2 vorpal war axe melds into your body.
Your +0 cloak melds into your body.
Your +1 hat melds into your body.
Your +0 pair of gloves melds into your body.
Your +0 pair of boots melds into your body.
Your +0 kite shield melds into your body.
Your +2 plate armour melds into your body.
You hear a zap.
Something tries to affect you, but you resist.
Something hits you. Something hits you but does no damage.
Something bites you but does no damage.
You hear a zap.
Something tries to affect you, but you resist.
Something hits you.
You feel very mighty all of a sudden. Something hits you!!
Something bites you but does no damage. Something hits you but does no damage.
Something hits you.
* * * LOW HITPOINT WARNING * * *
You feel more protected from physical attacks.
You feel mightier all of a sudden. Something hits you!!
You die...

##### ###########
#########
)..'..')).###
.......
...'..'))...##......
..##..##.....##....#
###....###....#....#
#........###.###.☼#
)..#..#...#....#..#
))........'....☼f{+
...#..#...#†...#°{#
#........###.###.○#
###....###....#....#
..##..##.....##....#
.).'..'.....##......
..)'..'...###
....... ###########
#########


There were no monsters in sight!

Vanquished Creatures
  Gastronok (D)
  A boulder beetle (D)
  An anaconda (D)
  A bog body (D)
  A wizard (D)
  An orc knight (D)
  Joseph (D)
  A kobold demonologist (D)
  A merfolk (D)
  A small abomination (D)
  3 slime creatures (D)
  A spriggan (D)
  5 vampire mosquitoes (D)
  A swamp drake (D)
  5 orc warriors (D)
  An ice beast (D)
  A black bear (D)
  3 kobold brigands (D)
  A gnoll sergeant (D)
  4 killer bees (D)
  5 wights (D)
  A gnoll shaman (D)
  An iron imp (D)
  An iguana (D)
  2 orc wizards (D)
  A hell rat (D)
  3 mummies (D)
  8 gnolls (D)
  An ufetubus (D)
  3 orcs (D)
  2 ball pythons (D)
  2 endoplasms (D)
  A goblin (D)
  4 jackals (D)
  3 kobolds (D)
  A ball python skeleton (D)
  A bat (D)
  A frilled lizard (D)
  A giant cockroach simulacrum (D)
  A jackal skeleton (D)
  A rat (D)
79 creatures vanquished.

Vanquished Creatures (others)
  A gnoll (D)
1 creature vanquished.

Grand Total: 80 creatures vanquished

Notes
Turn   | Place    | Note
-------+----------+-------------------------------------------
     0 | D        | mhtbhm the Gargoyle Fighter began the quest for the Orb.
     0 | D        | Reached XP level 1. HP: 14/14 MP: 1/1
    21 | D        | Reached skill level 4 in Shields
    21 | D        | Reached XP level 2. HP: 5/20 MP: 2/2
   261 | D        | Found a bloodstained altar of Trog.
   261 | D        | Found a shimmering blue altar of Sif Muna.
   261 | D        | Found a viscous altar of Jiyva.
   261 | D        | Found a hazy altar of Hepliaklqana.
   261 | D        | Found an opulent altar of Gozag.
   262 | D        | Found a glowing golden altar of the Shining One.
   262 | D        | Found a glowing silver altar of Zin.
   262 | D        | Found a basalt altar of Yredelemnul.
   262 | D        | Found a shimmering altar of Xom.
   262 | D        | Found an ornate altar of the Wu Jian Council.
   262 | D        | Found a sacrificial altar of Ru.
   262 | D        | Found a stormy altar of Qazlal.
   262 | D        | Found an iron altar of Okawaru.
   262 | D        | Found a sparkling altar of Nemelex Xobeh.
   262 | D        | Found a burning altar of Makhleb.
   262 | D        | Found a blossoming altar of Fedhas.
   262 | D        | Found a white marble altar of Elyvilon.
   262 | D        | Found a shadowy altar of Dithmenos.
   262 | D        | Found a snail-covered altar of Cheibriados.
   264 | D        | Found a radiant altar of Vehumet.
   264 | D        | Found a corrupted altar of Lugonu.
   265 | D        | Found a hide-covered altar of Uskayaw.
   265 | D        | Found an ancient bone altar of Kikubaaqudgha.
   265 | D        | Found a broken altar of Ashenzari.
   271 | D        | Became a worshipper of Qazlal Stormbringer
   313 | D        | Reached * piety under Qazlal
   334 | D        | Reached ** piety under Qazlal
   341 | D        | Reached XP level 3. HP: 9/24 MP: 3/3
   556 | D        | Reached skill level 5 in Shields
   754 | D        | Noticed an ice beast
   756 | D        | Reached *** piety under Qazlal
   760 | D        | Killed an ice beast
   761 | D        | Reached skill level 1 in Dodging
   761 | D        | Reached skill level 6 in Shields
   761 | D        | Reached XP level 4. HP: 32/32 MP: 4/4
   761 | D        | Reached XP level 5. HP: 36/36 MP: 5/5
   824 | D        | Noticed an orc warrior
   832 | D        | Killed an orc warrior
   832 | D        | Reached **** piety under Qazlal
   833 | D        | Reached skill level 5 in Axes
   833 | D        | Reached skill level 1 in Stealth
   833 | D        | Reached skill level 7 in Shields
   833 | D        | Reached XP level 6. HP: 34/42 MP: 6/6
   835 | D        | Reached skill level 8 in Shields
   838 | D        | Reached ***** piety under Qazlal
  1090 | D        | Reached skill level 9 in Shields
  1157 | D        | Noticed a spriggan
  1157 | D        | Noticed a vampire mosquito
  1157 | D        | Noticed a vampire mosquito
  1157 | D        | Noticed a vampire mosquito
  1162 | D        | Killed a vampire mosquito
  1162 | D        | Reached ****** piety under Qazlal
  1163 | D        | Reached XP level 7. HP: 42/48 MP: 7/7
  1164 | D        | Killed a vampire mosquito
  1165 | D        | Reached skill level 10 in Shields
  1171 | D        | Killed a vampire mosquito
  1176 | D        | Reached XP level 8. HP: 34/54 MP: 8/8
  1205 | D        | Killed a spriggan
  1206 | D        | Reached skill level 11 in Shields
  1344 | D        | Noticed an orc knight
  1355 | D        | Killed an orc knight
  1356 | D        | Reached skill level 10 in Axes
  1356 | D        | Reached skill level 12 in Shields
  1356 | D        | Reached XP level 9. HP: 30/60 MP: 9/9
  1598 | D        | Noticed a bog body
  1600 | D        | Noticed Joseph
  1603 | D        | Reached skill level 13 in Shields
  1611 | D        | Killed Joseph
  1614 | D        | Killed a bog body
  1615 | D        | Reached skill level 10 in Armour
  1619 | D        | Reached skill level 14 in Shields
  1619 | D        | Reached XP level 10. HP: 46/68 MP: 10/10
  1819 | D        | Noticed Gastronok
  1819 | D        | Noticed a kobold demonologist
  1820 | D        | Noticed a smoke demon
  1823 | D        | Noticed a boulder beetle
  1825 | D        | Noticed a sun demon
  1830 | D        | Killed Gastronok
  1831 | D        | Reached skill level 10 in Fighting
  1833 | D        | Killed a kobold demonologist
  1841 | D        | Killed a boulder beetle
  1842 | D        | Reached skill level 5 in Invocations
  1985 | D        | Reached skill level 15 in Shields
  1989 | D        | Reached XP level 11. HP: 67/74 MP: 15/15
  2206 | D        | Noticed a wizard
  2215 | D        | Killed a wizard
  2283 | D        | Noticed a vampire knight
  2283 | D        | Noticed Psyche
  2283 | D        | Noticed an anaconda
  2283 | D        | Noticed Erica
  2283 | D        | Paralysed by a vampire knight for 4 turns
  2291 | D        | Killed an anaconda
  2297 | D        | Paralysed by something for 5 turns
  2300 | D        | Slain by a vampire knight

Illustrated notes

Levels and vault maps discovered:
D:        pitsprint [storerooms_1, entrance_room_1, metal_vault_4, armoury_2,
          mini_pit_1, grid_room_1, main_hall_1, silver_pit, the_coven_2,
          the_vestibule_1, steel_vault_5, golden_pit, hallway_of_sentries,
          crystal_vault_6, iron_vault_3, final_vault]

Skill      XL: |  1  2  3  4  5  6  7  8  9 10 11 |
---------------+----------------------------------+-----
Fighting       | 4 6 7 8 9 11 | 11.4
Axes           | 2 4 5 7 8 10 12 13 14 | 14.4
Armour         | 4 6 7 8 9 10 | 10.6
Shields        | 4 6 7 9 10 12 14 15 | 15.4
Dodging        | 1 2 3 4 |  4.3
Stealth        | 1 2 3 |  3.3
Invocations    | 6 7 |  7.3

Action                   |  1- 3 |  4- 6 |  7- 9 | 10-12 || total
-------------------------+-------+-------+-------+-------++-------
Melee: War axe           |     8 |       |    38 |    55 ||   101
       Hand axe          |    43 |    44 |    41 |       ||   128
  Use: Potion            |       |       |       |     2 ||     2
 Stab: Confused          |       |       |     1 |       ||     1
Armor: Scale mail        |    26 |       |       |       ||    26
       Plate armour      |       |    26 |    26 |    42 ||    94
       Skin              |       |       |       |     4 ||     4
Dodge: Dodged            |    14 |    12 |    11 |     6 ||    43
Block: Kite shield       |    38 |    57 |    92 |    63 ||   250

Table legend: (Time is in decaauts)
 A = Elapsed time spent in this place.
 B = Non-inter-level travel time spent in this place.
 C = Inter-level travel time spent in this place.
 D = Time resting spent in this place.
 E = Time spent auto-exploring this place.
 F = Levels seen in this place.
 G = Mean time per level.
                   A        B        C        D        E       F      G
               +--------+--------+--------+--------+--------+-----+--------+
         Total |   2311 |   2311 |      0 |   1561 |    102 |   1 | 2311.0 |
       Dungeon |   2311 |   2311 |      0 |   1561 |    102 |   1 | 2311.0 |
               +--------+--------+--------+--------+--------+-----+--------+

Top non-repeatable levels by time:
       D: 2311 daAuts
